 Dungeon Crawl Stone Soup version 0.26-a0-474-gfaca0e1de5 (webtiles) character file.

Game seed: 4373115395981938875

70 Infinimo the Skirmisher (level 4, -2/35 HPs)
             Began as a Demonspawn Fighter on July 31, 2020.
             Slain by an adder (3 damage)
             ... on level 3 of the Dungeon.
             The game lasted 00:01:01 (1203 turns).

Infinimo the Skirmisher (Demonspawn Fighter)        Turns: 1203, Time: 00:01:01

Health: -2/35      AC:  9    Str: 17    XL:     4   Next: 4%
Magic:  0/4        EV:  7    Int:  9    God:
Gold:   91         SH:  9    Dex: 13    Spells: 3/3 levels left

rFire    . . .     SeeInvis .   a - +0 flail
rCold    . . .     Faith    .   c - +0 kite shield
rNeg     . . .     Spirit   +   b - +0 scale mail
rPois    .         Reflect  .   m - +0 helmet
rElec    .         Harm     .   (no cloak)
rCorr    .                      (no gloves)
MR       .....                  (no boots)
Stlth    ..........             (no amulet)
HPRegen  0.11/turn              (no ring)
MPRegen  0.09/turn              (no ring)

@: lethally poisoned (-2 -> -7), stab, flying
A: icy blue scales 1, magic shield
a: no special abilities


You were on level 3 of the Dungeon.
You visited 1 branch of the dungeon, and saw 3 of its levels.

You collected 91 gold pieces.

Inventory:

Hand Weapons
 a - a +0 flail (weapon)
Armour
 b - a +0 scale mail (worn)
 c - a +0 kite shield (worn)
 m - a +0 helmet (worn)
Jewellery
 p - an uncursed ring of ice {unknown}
Scrolls
 f - a scroll of remove curse {unknown}
 j - a scroll of enchant armour {unknown}
 k - a scroll of noise {unknown}
 l - a scroll of teleportation {unknown}
 n - a scroll of enchant weapon {unknown}
Potions
 d - a potion of might
 g - 2 potions of brilliance
 o - a potion of curing {unknown}
 q - a potion of heal wounds {unknown}


   Skills:
 + Level 3.4 Fighting
 * Level 2.8 Maces & Flails
 + Level 3.1 Armour
 + Level 3.1 Shields


You had 3 spell levels left.
You didn't know any spells.
Your spell library was empty.

Dungeon Overview and Level Annotations

Branches:
Dungeon (2/15)

Altars:
Zin

Shops:
D:2 *


Innate Abilities, Weirdness & Mutations

You are partially covered in icy blue scales. (AC +2)
When hurt, damage is shared between your health and your magic reserves.


Message History

You are too injured to fight recklessly!
You are too injured to fight recklessly!
As you read the scroll labeled BYRUEJ IBBONASCH, it crumbles to dust.
It is a scroll of identify.
g - 2 potions of brilliance
* * * LOW HITPOINT WARNING * * *
You feel sick. You block the jackal's attack.
You block the frilled lizard's attack.
The orc priest miscasts a cantrip.
Okay, then.
It was a potion of flight.
You feel very buoyant.
You fly up into the air.
You block the jackal's attack. x2
The orc priest hits you with a +0 hand axe.
* * * LOW HITPOINT WARNING * * *
It was a potion of stabbing.
You feel ready to backstab.
* * * LOW HITPOINT WARNING * * *
You feel sick. You block the adder's attack. The adder bites you.
You die...

.. .###'# ......
......#######
#............!....#
#.................# .
#...............oS##....
#........# +....@o''..?.
........# #...hhl##....
#...... #......# .
#....# #......##
#....#####.........
###....#...#.........
#..........#..........
#..........#..........
#...#†............#..


You could see an orc priest, an adder, an orc, 2 jackals and a frilled lizard.

Vanquished Creatures
  A bullfrog skeleton (D:2)
  An orc (D:3)
  2 giant cockroaches (D:1)
  8 goblins
  7 hobgoblins
  6 jackals (D:1)
  A kobold (D:1)
  3 bats
  6 rats
35 creatures vanquished.

Notes
Turn   | Place    | Note
-------+----------+-------------------------------------------
     0 | D:1      | Infinimo the Demonspawn Fighter began the quest for the
                  | Orb.
     0 | D:1      | Reached XP level 1. HP: 18/18 MP: 1/1
   103 | D:1      | Gained mutation: When hurt, damage is shared between your
                  | health and your magic reserves. [demonic ancestry]
   103 | D:1      | Reached XP level 2. HP: 22/24 MP: 2/2
   623 | D:1      | Gained mutation: You are partially covered in icy blue
                  | scales. (AC +2) [demonic ancestry]
   623 | D:1      | Reached XP level 3. HP: 28/29 MP: 3/3
   919 | D:2      | Found Zin's Purification Station.
   920 | D:2      | Found a glowing silver altar of Zin.
  1156 | D:2      | You fall into a shaft and drop 1 floor!
  1160 | D:3      | Reached XP level 4. HP: 35/35 MP: 4/4
  1203 | D:3      | HP: 1/35 [poisoned by an adder]
  1203 | D:3      | Slain by an adder

Illustrated notes

Levels and vault maps discovered:
D:1:      dpeg_arrival_fog, layout_rooms
D:2:      layout_basic, zin_purify, kennysheep_doodads, kennysheep_cross_room,
          serial_park_tiny_pond
D:3:      layout_basic

Skill      XL: |  1  2  3 |
---------------+----------+-----
Maces & Flails | 2 |  2.8
Armour         | 3 |  3.1
Shields        | 3 |  3.1
Fighting       | |  3.4

Action                   |  1- 3 |  4- 6 || total
-------------------------+-------+-------++-------
Melee: Flail             |   121 |    15 ||   136
  Use: Potion            |       |     2 ||     2
       Scroll            |       |     1 ||     1
Armor: Scale mail        |    66 |    32 ||    98
Dodge: Dodged            |    48 |    18 ||    66
Block: Kite shield       |    70 |    18 ||    88

Table legend: (Time is in decaauts)
 A = Elapsed time spent in this place.
 B = Non-inter-level travel time spent in this place.
 C = Inter-level travel time spent in this place.
 D = Time resting spent in this place.
 E = Time spent auto-exploring this place.
 F = Levels seen in this place.
 G = Mean time per level.
                   A        B        C        D        E       F      G
               +--------+--------+--------+--------+--------+-----+--------+
         Total |   1252 |   1214 |     38 |      0 |    957 |   3 |  417.3 |
       Dungeon |   1252 |   1214 |     38 |      0 |    957 |   3 |  417.3 |
               +--------+--------+--------+--------+--------+-----+--------+

Top non-repeatable levels by time:
     D:1: 954 daAuts
     D:2: 245 daAuts
     D:3: 52 daAuts
